 Dungeon Crawl Stone Soup version 0.16.2-12-gd0ad4c3 (webtiles) character file.

72 Kloppie the Ruffian (level 4, -2/41 HPs)
             Began as a Ghoul Monk on Oct 31, 2015.
             Slain by Crazy Yiuf
             ... wielding a +3 quarterstaff of chaos
              (8 damage)
             ... on level 2 of the Dungeon.
             The game lasted 00:03:14 (1694 turns).

Kloppie the Ruffian (Ghoul Monk)                    Turns: 1694, Time: 00:03:14

Health: -2/41      AC:  3    Str: 15    XL:     4   Next: 25%
Magic:  3/3        EV: 12    Int:  5    God:
Gold:   97         SH:  0    Dex: 11    Spells: 0 memorised, 3 levels left

rFire  . . .     SeeInvis .       - Unarmed
rCold  + . .     Clarity  .     r - +0 leather armour
rNeg   + + +     SustAb   .     (no shield)
rPois  ∞         Gourm    .     (no helmet)
rElec  .         Spirit   .     (no cloak)
rCorr  .         Warding  .     (no gloves)
rMut   .         Stasis   .     (no boots)
MR     .....                    (no amulet)
Stlth  ++........               (no ring)
                                (no ring)

@: rotting, not resistant to hostile enchantments, unstealthy
A: rotting body, claws 1, carnivore 3, cold resistance 1, negative energy
resistance 3, poison resistance, slow healing 1, torment resistance, unbreathing
a: no special abilities


You were on level 2 of the Dungeon.
You were not hungry.

You visited 1 branch of the dungeon, and saw 2 of its levels.

You collected 97 gold pieces.

Inventory:

Armour
 c - a +0 large shield
 r - a +0 leather armour (worn)
Jewellery
 m - a +4 ring of dexterity {unknown}
Scrolls
 g - 4 scrolls of teleportation {unknown}
 i - 2 scrolls of remove curse {unknown}
 k - a scroll of fog {unknown}
 l - 2 scrolls of amnesia {unknown}
 s - a scroll of recharging {unknown}
 t - a scroll of identify {unknown}
Potions
 d - a potion of brilliance {unknown}
 e - a potion of degeneration {unknown}
 f - 2 potions of curing {unknown}
 j - a potion of invisibility {unknown}
 n - a potion of haste {unknown}
 o - a potion of mutation {unknown}
 p - a potion of heal wounds {unknown}
Comestibles
 a - a meat ration
 b - 2 slices of pizza
 h - 2 beef jerkies
 q - 4 chunks of flesh


   Skills:
 + Level 4.5 Fighting
 - Level 2.6 Dodging
 - Level 2.1 Stealth
 + Level 5.3 Unarmed Combat


You had 3 spell levels left.
You didn't know any spells.

Dungeon Overview and Level Annotations

Branches:
Dungeon (2/15)

Altars:

Annotations:
D:2 Crazy Yiuf, Robin


Innate Abilities, Weirdness & Mutations

Your body is rotting away.
You thrive on raw meat.
You have sharp fingernails.
You are carnivorous and can eat meat at any time.
Your flesh is cold resistant.
You are immune to negative energy.
Your system is resistant to poisons.
You heal slowly when monsters are visible.
You are immune to unholy pain and torment.
You can survive without breathing.


Message History

You scratch Crazy Yiuf.
Crazy Yiuf is moderately wounded.
Crazy Yiuf hits you with a quarterstaff of chaos.
Crazy Yiuf burns you.
You scratch Crazy Yiuf.
Crazy Yiuf is severely wounded.
Crazy Yiuf hits you with a quarterstaff of chaos!
Crazy Yiuf freezes you.
You scratch Crazy Yiuf but do no damage.
Crazy Yiuf is severely wounded.
Crazy Yiuf hits you with a quarterstaff of chaos!
* * * LOW HITPOINT WARNING * * *
Crazy Yiuf freezes you.
* * * LOW HITPOINT WARNING * * *
You scratch Crazy Yiuf.
Crazy Yiuf is severely wounded.
Crazy Yiuf hits you with a quarterstaff of chaos.
* * * LOW HITPOINT WARNING * * *
You convulse!
You die...

### #.# ### #.# #.. #.# . #.# #.#
..##.#####♣♣ ### #.#
..##....#..♣♣ ♣♣#..)# #.#
...#.#......♣♣♣♣@g...# ####.#####
...#.##......♣..♣#...# #.........
..<#.####...♣.♣♣♣ ### ####.#####
...#.#####♣♣♣♣♣ #.# ...#....#
####.##### ........########
#####......... ...######..#...#
#...####......
...............#####...####..####
.#.######......................##


You could see Crazy Yiuf (bleeding).

Vanquished Creatures
  2 adders (D:2)
  2 worms (D:2)
  2 giant geckos
  A giant cockroach (D:2)
  6 hobgoblins
  6 kobolds
  2 quokkas (D:2)
  A bat (D:2)
  4 giant newts
  11 goblins
  5 rats
42 creatures vanquished.

Notes
Turn   | Place    | Note
--------------------------------------------------------------
     0 | D:1      | Kloppie, the Ghoul Monk, began the quest for the Orb.
     0 | D:1      | Reached XP level 1. HP: 19/19 MP: 1/1
   229 | D:1      | Reached XP level 2. HP: 24/24 MP: 2/2
   871 | D:2      | Reached XP level 3. HP: 16/30 MP: 3/3
   970 | D:2      | Noticed Robin
   978 | D:2      | Reached skill level 5 in Unarmed Combat
  1374 | D:2      | Reached XP level 4. HP: 39/41 MP: 3/3
  1686 | D:2      | Noticed Crazy Yiuf
  1694 | D:2      | Slain by Crazy Yiuf

Action                   |  1- 3 |  4- 6 || total
-------------------------+-------+-------++-------
Melee: Unarmed           |   106 |    24 ||   130
 Stab: Sleeping          |     4 |       ||     4
  Eat: Chunk             |    10 |     1 ||    11
